 Seeded DCSS version 0.30-a0-368-g86fb4627a9 (webtiles) character file.

Game seed: 4866231847754521613 (custom seed)

128 purpskrrrp the Sneak (level 4, 0/23 HPs)
             Began as a Spriggan Monk on Nov 18, 2022.
             Slain by an orc
             ... wielding a +0 club
              (2 damage)
             ... on level 5 of the Dungeon.
             The game lasted 00:03:09 (1638 turns).

purpskrrrp the Sneak (Spriggan Monk)                Turns: 1638, Time: 00:03:10

Health: 0/23       AC:  3    Str: 10    XL:     4   Next: 86%
Magic:  5/5        EV: 21    Int: 17    God:
Gold:   107        SH:  0    Dex: 23    Spells: 3/3 levels left

rFire   . . .      SeeInvis +    a - +0 short sword
rCold   + . .      Faith    .    (no shield)
rNeg    . . .      Spirit   .    b - +0 robe
rPois   .          Reflect  .    p - +1 hat of Foipuss {rC+ Str-3 Int+3 Dex+4}
rElec   .          Harm     .    (no cloak)
rCorr   .          Rampage  .    (gloves unavailable)
Will    .....                    (boots unavailable)
Stlth   ++++......               (no amulet)
HPRegen 0.23/turn                j - ring "Ynuwnic" {Fly Str+6 Int+3}
MPRegen 0.09/turn                (no ring)

@: flying, very quick
A: very small, no large weapons, unfitting armour, see invisible, speed 3
a: no special abilities


You were on level 5 of the Dungeon.
You visited 1 branch of the dungeon, and saw 4 of its levels.

You collected 107 gold pieces.

Inventory:

Hand Weapons
 a - a +0 short sword (weapon)
Armour
 b - a +0 robe (worn)
 p - the +1 hat of Foipuss (worn) {rC+ Str-3 Int+3 Dex+4}
   (You acquired it on level 2 of the Dungeon)

   Str:       It affects your strength (-3).
   Int:       It affects your intelligence (+3).
   Dex:       It affects your dexterity (+4).
   rC:        It protects you from cold.
Jewellery
 j - the ring "Ynuwnic" (left hand) {Fly Str+6 Int+3}
   (You acquired it on level 1 of the Dungeon)

   [ring of flight]

   Str:       It affects your strength (+6).
   Int:       It affects your intelligence (+3).
   Fly:       It grants you flight.
 k - a ring of ice
Scrolls
 f - a scroll of enchant armour {unknown}
 g - 3 scrolls of teleportation {unknown}
 h - 3 scrolls of identify {unknown}
 i - 2 scrolls of magic mapping {unknown}
 n - a scroll of poison {unknown}
 o - a scroll of noise {unknown}
Potions
 c - a potion of ambrosia
 d - 3 potions of mutation {unknown}
 e - a potion of degeneration {unknown}
 l - 3 potions of lignification {unknown}
 m - a potion of attraction {unknown}


   Skills:
 - Level 2.4 Fighting
 + Level 4.1 Short Blades
 + Level 5.1 Dodging
 * Level 6.1 Stealth


You had 3 spell levels left.
You didn't know any spells.
Your spell library was empty.

Dungeon Overview and Level Annotations

Branches:
Dungeon (3/15)

Altars:

Annotations:
D:5 3 runed translucent doors, kiwi3s's ghost, novice MiBe


Innate Abilities, Weirdness & Mutations

You are very small and have problems with some larger weapons.
You are too small for most types of armour.
You have supernaturally acute eyesight. (SInv)
You cover ground extremely quickly. (Speed+++)


Message History

You are too injured to fight recklessly!
You are too injured to fight recklessly!
You are too injured to fight recklessly!
You are too injured to fight recklessly!
Unknown command.
You closely miss the orc wizard.
The orc wizard hits you with a +0 dagger.
You hit the orc wizard.
The orc wizard is lightly wounded.
The orc barely misses you.
The orc wizard hits you but does no damage.
You barely miss the orc wizard.
The orc wizard is lightly wounded.
The orc wizard hits you with a +0 dagger.
The orc completely misses you.
You hit the orc wizard.
The orc wizard is moderately wounded.
You hit the orc wizard.
The orc wizard is severely wounded.
The orc wizard hits you with a +0 dagger.
The orc hits you with a +0 club.
* * * LOW HITPOINT WARNING * * *
You hit the orc wizard.
The orc wizard is almost dead.
The orc wizard closely misses you. The orc closely misses you.
You hit the orc wizard.
The orc wizard is almost dead.
The orc wizard misses you. The orc hits you with a +0 club.
* * * LOW HITPOINT WARNING * * *
You hit the orc wizard but do no damage.
The orc wizard is almost dead.
The orc wizard mumbles some strange words.
The orc wizard flickers and vanishes for a moment.
The orc barely misses you.
You hit the orc wizard.
You kill the orc wizard!
Your Dodging skill increases to level 5!
Your Stealth skill increases to level 6!
You completely miss the orc. The orc hits you with a +0 club.
You die...

#########
######.(.(...#
#..!.#.....((# .#
#..).#.W(....#
...#.o@.#....(..#
#......#.(....♣#
###....###+++###
#............#
#............#
#####.....####
#######


You could see an orc.

Vanquished Creatures
  An iguana (D:2)
  2 orc wizards (D:5)
  An adder (D:2)
  2 dart slugs (D:1)
  2 endoplasms (D:1)
  4 goblins
  4 hobgoblins
  4 jackals (D:1)
  3 kobolds (D:1)
  2 quokkas
  3 ball pythons
  7 bats
  A frilled lizard (D:1)
  6 rats
42 creatures vanquished.

Notes
Turn   | Place    | Note
-------+----------+-------------------------------------------
     0 | D:1      | purpskrrrp the Spriggan Monk began the quest for the Orb.
     0 | D:1      | Reached XP level 1. HP: 11/11 MP: 2/2
   219 | D:1      | Reached XP level 2. HP: 15/16 MP: 3/3
   285 | D:1      | Reached skill level 4 in Stealth
   503 | D:1      | Reached XP level 3. HP: 17/19 MP: 4/4
   840 | D:1      | Identified a scroll of acquirement
   840 | D:1      | Acquired the ring "Ynuwnic" {Fly Str+6 Int+3}
   933 | D:2      | Reached skill level 5 in Stealth
   933 | D:2      | Reached XP level 4. HP: 23/23 MP: 5/5
  1602 | D:2      | Acquired the +1 hat of Foipuss {rC+ Str-3 Int+3 Dex+4}
  1609 | D:3      | You are sucked into a shaft and drop 2 floors!
  1609 | D:5      | Entered Level 5 of the Dungeon
  1609 | D:5      | Found a runed translucent gate.
  1609 | D:5      | Found a runed translucent gate.
  1609 | D:5      | Found a runed translucent gate.
  1610 | D:5      | Noticed kiwi3s's ghost (novice MiBe)
  1635 | D:5      | HP: 1/23 [orc/+0 club (4)]
  1638 | D:5      | Reached skill level 5 in Dodging
  1638 | D:5      | Reached skill level 6 in Stealth
  1638 | D:5      | Slain by an orc

Illustrated notes

Levels and vault maps discovered:
D:1:      dpeg_arrival_arbitrary_c, layout_basic
D:2:      layout_loops_ring, kennysheep_minor_cross
D:3:      minmay_chambers_of_twos, layout_loops_ring, overflow_temple_1_default,
          ebering_ecumenical_altar_petrified
D:5:      layout_rooms, cheibriados_altar_1, mainiacjoe_overflow_chevrons,
          okawaru_metal_pillars_3, serial_shops, shop_statue,
          ebering_ghost_rock_garden

Skill      XL: |  1  2  3  4 |
---------------+-------------+-----
Stealth        | 4 5 6 |  6.1
Short Blades   | 4 |  4.1
Dodging        | 5 |  5.1
Fighting       | |  2.4

Action                   |  1- 3 |  4- 6 || total
-------------------------+-------+-------++-------
Melee: Short sword       |   115 |    31 ||   146
  Use: Scroll            |     1 |     1 ||     2
 Stab: Sleeping          |     6 |     2 ||     8
       Distracted        |     2 |       ||     2
Armor: Robe              |    15 |     2 ||    17
Dodge: Dodged            |   103 |    22 ||   125

Table legend: (Time is in decaauts)
 A = Elapsed time spent in this place.
 B = Non-inter-level travel time spent in this place.
 C = Inter-level travel time spent in this place.
 D = Time resting spent in this place.
 E = Time spent auto-exploring this place.
 F = Levels seen in this place.
 G = Mean time per level.
                   A        B        C        D        E       F      G
               +--------+--------+--------+--------+--------+-----+--------+
         Total |   1067 |   1026 |     41 |     23 |    744 |   4 |  266.8 |
       Dungeon |   1067 |   1026 |     41 |     23 |    744 |   4 |  266.8 |
               +--------+--------+--------+--------+--------+-----+--------+

Top non-repeatable levels by time:
     D:1: 589 daAuts
     D:2: 456 daAuts
     D:5: 21 daAuts
